 Dungeon Crawl Stone Soup version 0.20.0 (webtiles) character file.

4380 steakbbq the Cleaver (level 10, -3/94 HPs)
             Began as a Minotaur Fighter on May 25, 2017.
             Killed by divine providence
             ... invoked by an orc priest
              (13 damage)
             ... on level 7 of the Dungeon on May 26, 2017.
             The game lasted 00:25:51 (7833 turns).

steakbbq the Cleaver (Minotaur Fighter)             Turns: 7833, Time: 00:25:51

Health: -3/94      AC: 14    Str: 21    XL:     10   Next: 13%
Magic:  9/9        EV:  3    Int:  5    God:
Gold:   458        SH: 10    Dex: 15    Spells: 9/9 levels left

rFire    + . .     SeeInvis .   q - +2 war axe (vamp)
rCold    + . .     Gourm    .   c - +0 shield
rNeg     . . .     Faith    .   x - +0 plate armour
rPois    .         Spirit   .   (helmet restricted)
rElec    .         Reflect  .   (no cloak)
rCorr    +         Harm     .   (no gloves)
MR       .....                  p - +2 pair of boots
Stlth    ..........             (no amulet)
Regen    0.3/turn               a - ring of resist corrosion
MPRegen  0.2/turn               e - ring of protection from cold

@: hasted, very quick
A: retaliatory headbutt, horns 2, agile 1, blurry vision 1, fire resistance 1
a: no special abilities


You were on level 7 of the Dungeon.
You were very hungry.

You visited 2 branches of the dungeon, and saw 9 of its levels.
You also visited: Ossuary.

You collected 458 gold pieces.

Inventory:

Hand Weapons
 q - a +2 vampiric war axe (weapon)
Missiles
 l - 212 stones
 s - 3 tomahawks (quivered)
Armour
 c - a +0 shield (worn)
 p - a +2 pair of boots (worn)
 x - a +0 plate armour (worn)
Jewellery
 a - a ring of resist corrosion (left hand)
 e - a ring of protection from cold (right hand)
 I - an uncursed amulet of harm {unknown}
Wands
 G - a wand of lightning (8/15)
Scrolls
 b - 5 scrolls of fear
 g - 2 scrolls of fog
 i - 4 scrolls of recharging
 j - 3 scrolls of remove curse
 n - a scroll of teleportation
 o - 3 scrolls of immolation
 r - 4 scrolls of identify
 E - a scroll of magic mapping
 F - a scroll of enchant weapon {unknown}
Potions
 d - a potion of agility {unknown}
 m - a potion of flight
 t - 3 potions of lignification
 u - a potion of curing
 v - 5 potions of brilliance
 z - a potion of resistance
 H - 2 potions of ambrosia {unknown}
Books
 k - a book of Geomancy

   Spells                             Type                      Level
   a - Sandblast                      Earth                        1
   b - Passwall                       Transmutation/Earth          2
   c - Stone Arrow                    Conjuration/Earth            3
   d - Petrify                        Transmutation/Earth          4
   e - Lee's Rapid Deconstruction     Earth                        5
 w - a book of Changes

   Spells                             Type                      Level
   a - Beastly Appendage              Transmutation                1
   b - Sticks to Snakes               Transmutation                2
   c - Spider Form                    Transmutation/Poison         3
   d - Ice Form                       Ice/Transmutation            4
   e - Blade Hands                    Transmutation                5
 y - a book of Cantrips

   Spells                             Type                      Level
   a - Confusing Touch                Hexes                        1
   b - Animate Skeleton               Necromancy                   1
   c - Summon Small Mammal            Summoning                    1
   d - Apportation                    Translocation                1
 B - a book of Geomancy

   Spells                             Type                      Level
   a - Sandblast                      Earth                        1
   b - Passwall                       Transmutation/Earth          2
   c - Stone Arrow                    Conjuration/Earth            3
   d - Petrify                        Transmutation/Earth          4
   e - Lee's Rapid Deconstruction     Earth                        5
Comestibles
 f - 4 bread rations
 h - 12 royal jellies
 C - 2 meat rations


   Skills:
 + Level 10.6 Fighting
 * Level 14.0 Axes
 - Level 3.6 Armour
 - Level 3.6 Shields


You had 9 spell levels left.
You didn't know any spells.

Dungeon Overview and Level Annotations

Branches:
Dungeon (8/15)             Temple (1/1) D:7
   Lair: D:8-11

Altars:
Ashenzari
Cheibriados
Dithmenos
Elyvilon
Fedhas
Gozag
Hepliaklqana
Kikubaaqudgha
Makhleb
Nemelex Xobeh
Okawaru
Qazlal
Ru
Sif Muna
Trog
Uskayaw
Vehumet
Xom
Yredelemnul
Zin
The Shining One

Shops:
D:4 *(:(=


Innate Abilities, Weirdness & Mutations

You reflexively headbutt those who attack you in melee.
You have a pair of horns on your head.
You are agile. (Dex +2)
Scrolls take you a little longer to read.
Your flesh is heat resistant. (rF+)


Message History

* * * LOW HITPOINT WARNING * * *
You feel much better.
You hit the two-headed ogre.
You feel better.
The two-headed ogre is almost dead.
You block the two-headed ogre's attack.
The two-headed ogre hits you with a giant spiked club!!
* * * LOW HITPOINT WARNING * * *
Okay, then.
Really read with blurry vision while enemies are nearby?
Okay, then.
Okay, then.
Okay, then.
There is a stone staircase leading up, spattered with blood here.
You climb upwards.
The orc priest shouts!
There is a stone staircase leading down here.
An orc priest is nearby!
The orc priest mumbles some strange prayers to Beogh against you.
Beogh smites you!
You die...

...........###...## #............
...#.##....##...## #.......#.##.
.........####...# #.......#....
......######...## #............
...........#...# #............
.....#####.#...######............
...(....##....##.#...............
........########.###.............
................@................
#.#.....#########.....#..........
........# #.......>..#..........
#.......####.....................
..........#............#.........
........#.#............#.........
##...............o...............
.......##..?..........#..........
#....#...#............#..........


You could see an orc priest.

Vanquished Creatures
  A two-headed ogre (D:8)
  The ghost of broliato the Skirmisher, a novice MiBe of Trog (D:6)
  Pikel (D:8)
  Sigmund (D:2)
  A wraith (Ossuary)
  A hungry ghost (D:8)
  2 ice beasts (D:8)
  2 sky beasts
  A phantom (D:6)
  2 centaurs
  A necrophage (D:7)
  2 bullfrogs
  A scorpion (D:6)
  5 wights (D:6)
  5 killer bees (D:7)
  2 howler monkeys
  A crimson imp (D:7)
  A centaur zombie (D:5)
  A centaur skeleton (D:4)
  5 jellies
  2 hounds
  3 orc wizards
  A bullfrog skeleton (D:6)
  2 iguanas
  Terence (D:2)
  Jessica (D:2)
  3 worker ants
  A big kobold zombie (Ossuary)
  3 mummies (Ossuary)
  4 gnolls (D:5)
  2 worker ant zombies
  10 adders
  A howler monkey skeleton (D:4)
  A shadow imp (D:8)
  5 oozes (D:8)
  An adder zombie (D:6)
  2 adder skeletons (D:5)
  2 worms (D:3)
  7 dart slugs
  5 leopard geckos
  18 orcs
  7 giant cockroaches
  A gnoll zombie (Ossuary)
  5 goblins
  7 hobgoblins
  6 jackals
  6 kobolds
  A quokka (D:4)
  3 ball pythons
  7 bats
  5 frilled lizards
  A goblin zombie (Ossuary)
  5 hobgoblin zombies (Ossuary)
  A jackal skeleton (D:5)
  A kobold zombie (Ossuary)
  An orc zombie (Ossuary)
  5 rats
174 creatures vanquished.

Notes
Turn   | Place    | Note
-------+----------+-------------------------------------------
     0 | D:1      | steakbbq the Minotaur Fighter began the quest for the Orb.
     0 | D:1      | Reached XP level 1. HP: 19/19 MP: 0/0
   147 | D:1      | Reached skill level 3 in Axes
   216 | D:1      | Reached XP level 2. HP: 19/27 MP: 1/1
  1021 | D:2      | Reached XP level 3. HP: 33/33 MP: 2/2
  1075 | D:2      | Noticed Terence
  1080 | D:2      | Killed Terence
  1080 | D:2      | Reached skill level 4 in Axes
  1218 | D:2      | Reached XP level 4. HP: 27/41 MP: 3/3
  1460 | D:2      | Noticed Jessica
  1476 | D:2      | Killed Jessica
  1510 | D:2      | Reached skill level 5 in Axes
  1606 | D:2      | Found an ancient bone altar of Kikubaaqudgha.
  1627 | D:2      | Noticed Sigmund
  1641 | D:2      | Killed Sigmund
  1641 | D:2      | Reached skill level 5 in Fighting
  1641 | D:2      | Reached skill level 6 in Axes
  1641 | D:2      | Reached XP level 5. HP: 42/48 MP: 4/4
  1641 | D:2      | Reached XP level 6. HP: 49/56 MP: 5/5
  2375 | D:3      | Found a shadowy altar of Dithmenos.
  2694 | D:3      | Reached skill level 7 in Axes
  3186 | D:4      | Found Qezi's Antique Weapon Emporium.
  3234 | D:4      | Found Takurph's Antique Weapon Shop.
  3283 | D:4      | Found a blossoming altar of Fedhas.
  3337 | D:4      | Found Ladatucka's Book Shoppe.
  3370 | D:4      | Found Senax Wes's Jewellery Shop.
  3471 | D:4      | Reached XP level 7. HP: 52/63 MP: 6/6
  3524 | D:4      | Found an opulent altar of Gozag.
  3542 | D:4      | Found Uvukhleh's General Store.
  3815 | D:5      | Entered Level 5 of the Dungeon
  3892 | D:5      | Reached skill level 8 in Axes
  4307 | D:5      | Found a sand-covered staircase.
  4384 | Ossuary  | Entered an ossuary
  4384 | Ossuary  | Noticed a wraith
  4384 | Ossuary  | Noticed a wraith
  4384 | Ossuary  | Noticed a wraith
  4675 | Ossuary  | Noticed a wraith
  4681 | Ossuary  | Killed a wraith
  4681 | Ossuary  | Reached skill level 9 in Axes
  4985 | D:5      | Reached XP level 8. HP: 69/73 MP: 7/7
  4995 | D:5      | Gained mutation: Scrolls take you a little longer to read. [potion of mutation]
  4995 | D:5      | Gained mutation: You are agile. (Dex +2) [potion of mutation]
  4995 | D:5      | Gained mutation: Your flesh is heat resistant. (rF+) [potion of mutation]
  5465 | D:6      | Noticed broliato's ghost (novice MiBe)
  5477 | D:6      | Reached skill level 10 in Axes
  5478 | D:6      | Killed broliato's ghost
  5478 | D:6      | Reached skill level 11 in Axes
  5606 | D:6      | Found a burning altar of Makhleb.
  5802 | D:6      | You fall through a shaft for 2 floors!
  5877 | D:8      | Reached XP level 9. HP: 81/82 MP: 8/8
  6033 | D:8      | Noticed Pikel
  6170 | D:6      | Reached skill level 12 in Axes
  6489 | D:7      | Found a staircase to the Ecumenical Temple.
  6520 | Temple   | Entered the Ecumenical Temple
  7259 | D:8      | Got a faintly humming robe
  7270 | D:8      | Identified the cursed +1 robe of the Wilderness {rF+++ MR- Int-3 Dex+8} (You found it on level 8 of the Dungeon)
  7322 | D:8      | Reached skill level 10 in Fighting
  7322 | D:8      | Reached skill level 13 in Axes
  7329 | D:8      | Killed Pikel
  7338 | D:8      | Found an iron altar of Okawaru.
  7443 | D:8      | Found a hazy altar of Hepliaklqana.
  7443 | D:8      | Found a basalt altar of Yredelemnul.
  7758 | D:8      | Noticed a two-headed ogre
  7780 | D:8      | Noticed a two-headed ogre
  7806 | D:8      | Killed a two-headed ogre
  7806 | D:8      | Reached skill level 14 in Axes
  7806 | D:8      | Reached XP level 10. HP: 51/94 MP: 9/9
  7833 | D:7      | Killed from afar by an orc priest

Skill      XL: |  1  2  3  4  5  6  7  8  9 |
---------------+----------------------------+-----
Axes           | 3 4 6 7 9 11 14 | 14.0
Fighting       | 4 5 6 7 8 10 | 10.6
Armour         | |  3.6
Shields        | |  3.6

Action                   |  1- 3 |  4- 6 |  7- 9 | 10-12 || total
-------------------------+-------+-------+-------+-------++-------
Melee: War axe           |    53 |   131 |   281 |     9 ||   474
       Headbutt          |     9 |    19 |    64 |     2 ||    94
       Hand axe          |    12 |       |       |       ||    12
Throw: Stone             |       |    24 |    40 |       ||    64
       Tomahawk          |       |       |    22 |       ||    22
  Use: Scroll            |     5 |     6 |     6 |       ||    17
       Potion            |     1 |     3 |     9 |     1 ||    14
  Eat: Chunk             |       |     3 |    10 |       ||    13
       Bread ration      |       |     2 |       |       ||     2
       Fruit             |       |       |     4 |       ||     4
       Royal jelly       |       |       |     1 |       ||     1
Armor: Scale mail        |    24 |    41 |       |       ||    65
       Plate armour      |       |    13 |   125 |       ||   138
Dodge: Dodged            |    19 |    29 |    35 |       ||    83
Block: Shield            |    36 |    55 |   124 |     4 ||   219
